 Dungeon Crawl Stone Soup version 0.22.1-2-g9c5b331 (webtiles) character file.

756 Matador8 the Slasher (level 8, 0/56 HPs)
             Began as a Human Gladiator on Dec 20, 2018.
             Slain by a water moccasin (6 damage)
             ... on level 5 of the Dungeon.
             The game lasted 00:19:40 (4886 turns).

Matador8 the Slasher (Human Gladiator)              Turns: 4886, Time: 00:19:41

Health: 0/56       AC:  6    Str: 14    XL:     8   Next: 7%
Magic:  8/8        EV: 13    Int: 10    God:
Gold:   166        SH:  0    Dex: 16    Spells: 7/7 levels left

rFire    + . .     SeeInvis .   a - +0 long sword
rCold    . . .     Gourm    .   (no shield)
rNeg     . . .     Faith    .   y - +2 leather armour {rF+}
rPois    .         Spirit   .   c - +0 helmet
rElec    .         Reflect  .   (no cloak)
rCorr    .         Harm     .   (no gloves)
MR       .....                  (no boots)
Stlth    +.........             (no amulet)
HPRegen  0.18/turn              (no ring)
MPRegen  0.11/turn              (no ring)

@: lethally poisoned (0 -> -21)
A: no striking features
a: no special abilities


You were on level 5 of the Dungeon.
You were very hungry.

You visited 1 branch of the dungeon, and saw 5 of its levels.

You collected 166 gold pieces.

Inventory:

Hand Weapons
 a - a +0 long sword (weapon)
 b - a +2 dagger of venom
 v - a cursed -3 hunting sling
Missiles
 l - 16 poisoned needles
Armour
 c - a +0 helmet (worn)
 p - a +2 pair of gloves
 u - a +0 ring mail
 y - a +2 leather armour of fire resistance (worn)
 B - a +0 leather armour
Jewellery
 e - an uncursed amulet of the acrobat {unknown}
Wands
 d - a wand of flame (23)
Scrolls
 g - 3 scrolls of remove curse
 k - a scroll of identify
 n - 2 scrolls of enchant weapon {unknown}
 q - a scroll of blinking {unknown}
 s - a scroll of fear {unknown}
 w - a scroll of noise {unknown}
 z - a scroll of fog {unknown}
Potions
 h - 2 potions of heal wounds
 i - a potion of brilliance {unknown}
 j - 3 potions of agility
 m - a potion of invisibility
 o - a potion of magic {unknown}
 r - 2 potions of curing {unknown}
 t - a potion of lignification {unknown}
 x - a potion of flight {unknown}
Comestibles
 f - 6 rations


   Skills:
 - Level 2.0 Fighting
 * Level 7.6 Long Blades
 - Level 5.0 Throwing
 - Level 3.0 Dodging


You had 7 spell levels left.
You didn't know any spells.
Your spell library was empty.

Dungeon Overview and Level Annotations

Branches:
Dungeon (5/15)
 Temple: D:4-7

Altars:

Annotations:
D:3 3 runed doors, Monzz's ghost, amateur HOMo


Message History

The water moccasin is severely wounded.
* * * LOW HITPOINT WARNING * * *
You feel very sick. The water moccasin bites you.
* * * LOW HITPOINT WARNING * * *
You barely miss the water moccasin.
The water moccasin is severely wounded.
* * * LOW HITPOINT WARNING * * *
You feel sick. The water moccasin misses you.
The water moccasin barely misses you.
You barely miss the water moccasin.
The water moccasin is severely wounded.
* * * LOW HITPOINT WARNING * * *
You feel sick. The water moccasin barely misses you.
You barely miss the water moccasin.
The water moccasin is severely wounded.
* * * LOW HITPOINT WARNING * * *
You feel very sick. The water moccasin bites you.
You die...

#.##....#....########
#.##.#######.........
#.##....#....########
##.#####.#.####
......##.#.### .##
##...........# ..##
#.##.######.# %....
##.##.###
#.#########.#.#
...>....#
#....@Ss.......
##..#.#.##
#######r....#.#.
##.......#
##.8.......
#.#.#.#..# #.r...####
.##......#
#....##.##....#
....#..#.# <.8.. #.#
.8.> .##.#..#.# #...
... ..# #.##
#.....##.# ####
.8.##### #..(
......##.#
###...#...# #..#


You could see a water moccasin, a quokka and a giant cockroach.

Vanquished Creatures
  A black bear (D:3)
  A centaur (D:5)
  Blork the orc (D:5)
  A bullfrog zombie (D:5)
  A hound (D:5)
  A centaur zombie (D:5)
  3 orc wizards
  An orc priest (D:4)
  Terence (D:3)
  2 worker ants (D:5)
  A howler monkey zombie (D:5)
  4 gnolls
  9 adders
  2 oozes (D:5)
  An adder skeleton (D:4)
  2 dart slugs (D:2)
  3 leopard geckos
  11 orcs
  9 bats
  3 giant cockroaches (D:1)
  8 goblins
  5 hobgoblins
  4 jackals
  4 quokkas
  A ball python (D:4)
  8 frilled lizards
  6 kobolds
  6 rats
100 creatures vanquished.

Notes
Turn   | Place    | Note
-------+----------+-------------------------------------------
     0 | D:1      | Matador8 the Human Gladiator began the quest for the Orb.
     0 | D:1      | Reached XP level 1. HP: 16/16 MP: 1/1
    86 | D:1      | Reached XP level 2. HP: 4/22 MP: 2/2
   633 | D:1      | Reached XP level 3. HP: 25/27 MP: 3/3
   954 | D:2      | Reached skill level 4 in Long Blades
   955 | D:2      | Reached XP level 4. HP: 19/33 MP: 4/4
  1379 | D:2      | Reached XP level 5. HP: 32/38 MP: 5/5
  1975 | D:3      | Noticed Terence
  1995 | D:3      | Killed Terence
  1995 | D:3      | Reached skill level 5 in Long Blades
  2060 | D:3      | Found a runed gate.
  2060 | D:3      | Found a runed gate.
  2062 | D:3      | Found a runed gate.
  2084 | D:3      | Noticed Monzz's ghost (amateur HOMo)
  2208 | D:3      | Reached XP level 6. HP: 42/44 MP: 6/6
  3037 | D:4      | Reached skill level 6 in Long Blades
  3428 | D:4      | Noticed a black bear
  3454 | D:3      | Killed a black bear
  3454 | D:3      | Reached XP level 7. HP: 36/50 MP: 7/7
  3668 | D:5      | Entered Level 5 of the Dungeon
  4032 | D:5      | Reached skill level 7 in Long Blades
  4231 | D:5      | Reached skill level 5 in Throwing
  4433 | D:5      | Noticed Blork the orc
  4510 | D:5      | Killed Blork the orc
  4510 | D:5      | Reached XP level 8. HP: 15/56 MP: 8/8
  4886 | D:5      | Slain by a water moccasin

Skill      XL: |  1  2  3  4  5  6  7 |
---------------+----------------------+-----
Long Blades    | 4 5 6 7 |  7.6
Throwing       | 3 4 5 |  5.0
Fighting       | |  2.0
Dodging        | |  3.0

Action                   |  1- 3 |  4- 6 |  7- 9 || total
-------------------------+-------+-------+-------++-------
Melee: Long sword        |    77 |   215 |   121 ||   413
Throw: Throwing net      |     1 |     1 |     2 ||     4
  Use: Scroll            |       |       |     4 ||     4
 Stab: Sleeping          |       |     1 |       ||     1
       Held in net/web   |       |       |     1 ||     1
  Eat: Chunk             |       |     8 |     4 ||    12
Armor: Leather armour    |    14 |    23 |    25 ||    62
       Ring mail         |       |    48 |     1 ||    49
Dodge: Dodged            |    63 |   175 |    79 ||   317
       Rpst.: Long sword |    18 |    49 |    16 ||    83
